 Dungeon Sprint DCSS version 0.21-a0-352-g5b8f553 (webtiles) character file.

163 minicreteconcrete the Zephyrmancer (level 5, -5/28 HPs)
             Began as a Deep Elf Air Elementalist on Oct 11, 2017.
             Was a Follower of Sif Muna.
             Killed by divine providence
             ... invoked by an orc priest
              (14 damage)
             ... in the Dungeon (Sprint VII: "The Pits").
             The game lasted 00:03:42 (553 turns).

minicreteconcrete the Zephyrmancer (DEAE)            Turns: 553, Time: 00:03:44

Health: -5/28      AC:  2    Str:  5    XL:     5   Next: 20%
Magic:  1/16       EV: 15    Int: 21    God:    Sif Muna [*.....]
Gold:   0          SH:  0    Dex: 15    Spells: 5/18 levels left

rFire    . . .     SeeInvis .   a - +4 flail (crush)
rCold    . . .     Gourm    .   (no shield)
rNeg     . . .     Faith    .   s - +0 robe
rPois    .         Spirit   .   (no helmet)
rElec    .         Reflect  .   (no cloak)
rCorr    .         Harm     .   (no gloves)
MR       .....     NoTele   +   (no boots)
Stlth    +++.......             (no amulet)
HPRegen  0.09/turn              (no ring)
MPRegen  0.15/turn              (no ring)

@: very slightly contaminated
A: no striking features
a: Divine Energy, Renounce Religion


You were in the Dungeon.
You worshipped Sif Muna.
Sif Muna was aware of your devotion.
You were not hungry.

You visited 1 branch

Inventory:

Hand Weapons
 a - a +4 flail of crushing (weapon)
 v - a +2 quarterstaff
Missiles
 k - 15 stones (quivered)
Armour
 s - a +0 robe (worn)
 w - a +3 ring mail
Magical Staves
 l - an uncursed staff of energy
Scrolls
 i - a scroll of blinking
 m - 3 scrolls of remove curse
 n - 5 scrolls of amnesia
 o - a scroll of summoning
 p - 2 scrolls of vulnerability
Potions
 d - 6 potions of curing
 e - 5 potions of heal wounds
 f - a potion of haste
 g - 4 potions of magic
 h - 3 potions of berserk rage
 j - 2 potions of invisibility
 t - a potion of might {unknown}
Books
 b - a book of Air

   Spells                             Type                      Level
   a - Shock                          Conjuration/Air              1
   b - Swiftness                      Charms/Air                   2
   c - Static Discharge               Conjuration/Air              3
   d - Airstrike                      Air                          4
   e - Lightning Bolt                 Conjuration/Air              5
Comestibles
 c - 8 bread rations
 q - 40 fruits
 r - 7 meat rations
 u - 3 chunks of flesh


   Skills:
 + Level 4.9 Dodging
 - Level 4.3 Stealth
 + Level 0.8 Unarmed Combat
 + Level 7.1 Spellcasting
 + Level 2.3 Conjurations
 + Level 8.2 Air Magic
 * Level 0.7 Invocations


You had 5 spell levels left.
You knew the following spells:

 Your Spells              Type           Power        Failure   Level  Hunger
a - Shock                 Conj/Air       ####         1%          1    None
b - Airstrike             Air            #####.....   2%          4    ###....
c - Static Discharge      Conj/Air       ####....     3%          3    None
d - Lightning Bolt        Conj/Air       ####......   26%         5    #####..


Dungeon Overview and Level Annotations

Branches:
Dungeon (1/1)

Altars:
Ashenzari
Cheibriados
Dithmenos
Elyvilon
Fedhas
Gozag
Hepliaklqana
Kikubaaqudgha
Makhleb
Nemelex Xobeh
Okawaru
Qazlal
Ru
Sif Muna
Trog
Uskayaw
Vehumet
Wu Jian
Xom
Yredelemnul
Zin
The Shining One
Beogh
Jiyva
Lugonu


Message History

You hear a mighty clap of thunder!
The bolt of lightning misses the orc priest.
The bolt of lightning misses the orc wizard.
You hear a shout!
The orc wizard gestures wildly while chanting.
The orc wizard flickers and vanishes!
Deactivating autopickup; reactivate with Ctrl-A.
The orc priest barely misses you.
Unknown command.
Casting: Lightning Bolt
Confirm with . or Enter, or press ? or * to list all spells.
Aiming: Lightning Bolt
Press: ? - help, Shift-Dir - straight line You miscast Lightning Bolt.
You are very lightly contaminated with residual magic.
Your skin tingles.
The orc priest mumbles some strange prayers to Beogh against you.
Beogh smites you!
Ouch! That really hurt!
You die...

_________.#
_______...###########++
##########'##...........
#....')))'.##......#..#
##########.##..........
#..o.[......'...........
#'#####รท#####......#..#.
#.#...#o#[.##...........
#.#...#@#))#####'#####+
#o#...'.#).##.......#
#.##'####))##.......#
#K#.....#..##.......#
#.#.....#'###...<...#
#o#........##.......#
#.#........##.......#
#'###########.......# #..
#########


You could see an orc priest.

Vanquished Creatures
  A floating eye (D)
  Ijyb (D)
  A river rat (D)
  2 adders (D)
  An ooze (D)
  An orc (D)
  A bat zombie (D)
  2 kobolds (D)
  A frilled lizard (D)
11 creatures vanquished.

Notes
Turn   | Place    | Note
-------+----------+-------------------------------------------
     0 | D        | minicreteconcrete the Deep Elf Air Elementalist began the quest for the Orb.
     0 | D        | Reached XP level 1. HP: 10/10 MP: 6/6
     8 | D        | Noticed a floating eye
    13 | D        | Paralysed by a floating eye for 4 turns
    20 | D        | Paralysed by a floating eye for 4 turns
    26 | D        | Killed a floating eye
    26 | D        | Reached skill level 7 in Air Magic
    26 | D        | Reached XP level 2. HP: 15/15 MP: 0/11
    26 | D        | Reached XP level 3. HP: 19/19 MP: 0/12
    26 | D        | Reached XP level 4. HP: 24/24 MP: 0/14
    32 | D        | Learned a level 4 spell: Airstrike
    36 | D        | Learned a level 3 spell: Static Discharge
   155 | D        | Found a bloodstained altar of Trog.
   155 | D        | Found a deep blue altar of Sif Muna.
   155 | D        | Found a viscous altar of Jiyva.
   155 | D        | Found a hazy altar of Hepliaklqana.
   155 | D        | Found an opulent altar of Gozag.
   156 | D        | Found a glowing golden altar of the Shining One.
   156 | D        | Found a glowing silver altar of Zin.
   156 | D        | Found a basalt altar of Yredelemnul.
   156 | D        | Found a shimmering altar of Xom.
   156 | D        | Found an ornate altar of the Wu Jian Council.
   156 | D        | Found a sacrificial altar of Ru.
   156 | D        | Found a stormy altar of Qazlal.
   156 | D        | Found an iron altar of Okawaru.
   156 | D        | Found a sparkling altar of Nemelex Xobeh.
   156 | D        | Found a burning altar of Makhleb.
   156 | D        | Found a blossoming altar of Fedhas.
   156 | D        | Found a white marble altar of Elyvilon.
   156 | D        | Found a shadowy altar of Dithmenos.
   156 | D        | Found a snail-covered altar of Cheibriados.
   158 | D        | Found a corrupted altar of Lugonu.
   158 | D        | Found a radiant altar of Vehumet.
   158 | D        | Found a roughly hewn altar of Beogh.
   159 | D        | Found an ancient bone altar of Kikubaaqudgha.
   159 | D        | Found a hide-covered altar of Uskayaw.
   159 | D        | Found a shattered altar of Ashenzari.
   160 | D        | Became a worshipper of Sif Muna the Loreminder
   312 | D        | Reached * piety under Sif Muna
   347 | D        | Noticed Ijyb
   365 | D        | Killed Ijyb
   365 | D        | Reached skill level 8 in Air Magic
   365 | D        | Reached XP level 5. HP: 25/28 MP: 5/16
   515 | D        | Learned a level 5 spell: Lightning Bolt
   553 | D        | Killed from afar by an orc priest

Vault maps used:
D:        pitsprint

Skill      XL: |  1  2  3  4 |
---------------+-------------+-----
Dodging        | 4 |  4.9
Stealth        | 3 4 |  4.3
Spellcasting   | 6 7 |  7.1
Air Magic      | 7 8 |  8.2
Conjurations   | 2 |  2.3
Unarmed Combat | |  0.8
Invocations    | |  0.7

Action                   |  1- 3 |  4- 6 || total
-------------------------+-------+-------++-------
Melee: Unarmed           |     5 |       ||     5
       Quarterstaff      |       |    18 ||    18
       Flail             |       |     2 ||     2
Throw: Stone             |       |     1 ||     1
 Cast: Shock             |     7 |     4 ||    11
       Static Discharge  |       |     5 ||     5
       Airstrike         |       |     2 ||     2
       Lightning Bolt    |       |     1 ||     1
  Use: Potion            |       |     1 ||     1
Armor: Robe              |       |     7 ||     7
Dodge: Dodged            |       |    27 ||    27

Table legend:
 A = Spawn XP
 B = Non-spawn XP
 C = Spawn XP percentage of total XP
 D = Spawn monster count
 E = Non-spawn monster count
 F = Spawn count percentage of total count
 G = Total turns spent on level
                    A         B        C        D         E        F      G
               +---------+---------+-------+---------+---------+-------+---------
         Total |       0 |     233 |   0.0 |       0 |      11 |   0.0 |   553
               +---------+---------+-------+---------+---------+-------+---------
             D |       0 |     233 |   0.0 |       0 |      11 |   0.0 |   553
               +---------+---------+-------+---------+---------+-------+---------
